 Dungeon Crawl Stone Soup version 0.17.0-73-gb648821 (webtiles) character file.

1141 Peloso the Covered (level 8, -6/70 HPs)
             Began as a Minotaur Fighter on Dec 10, 2015.
             Mangled by an orc wizard
             ... wielding a +1 dagger of electrocution
              (14 damage)
             ... on level 5 of the Dungeon.
             The game lasted 00:16:09 (3659 turns).

Peloso the Covered (Minotaur Fighter)               Turns: 3659, Time: 00:16:11

Health: -6/70      AC: 15    Str: 22    XL:     8   Next: 14%
Magic:  7/7        EV:  5    Int:  5    God:
Gold:   273        SH: 10    Dex: 11    Spells: 0 memorised, 7 levels left

rFire  + . .     SeeInvis +     a - +1 long sword
rCold  . . .     Clarity  .     p - +0 plate armour
rNeg   . . .     SustAt   .     c - +0 shield
rPois  .         Gourm    .     (helmet restricted)
rElec  .         Spirit   .     x - +1 cloak
rCorr  .         Warding  .     (no gloves)
rMut   .         Stasis   .     (no boots)
MR     .....                    t - amulet of faith
Stlth  ..........               y - ring of protection from fire
                                z - ring of see invisible

@: slowed, very slow, not resistant to hostile enchantments, extremely
unstealthy
A: retaliatory headbutt, horns 2
a: no special abilities


You were on level 5 of the Dungeon.
You were hungry.

You visited 1 branch of the dungeon, and saw 5 of its levels.
You also visited: Ossuary.

You collected 273 gold pieces.

Inventory:

Hand Weapons
 a - a +1 long sword (weapon)
Armour
 c - a +0 shield (worn)
 p - a +0 plate armour (worn)
 v - a +0 chain mail
 x - a +1 cloak (worn)
Jewellery
 f - a +2 ring of evasion
 t - an amulet of faith (around neck)
 u - an uncursed ring of ice
 y - a ring of protection from fire (right hand)
 z - a ring of see invisible (left hand)
 A - an uncursed ring of positive energy
 D - a +2 ring of intelligence {unknown}
Scrolls
 i - a scroll of amnesia
 m - a scroll of fog
 n - 2 scrolls of recharging
 o - 4 scrolls of blinking
Potions
 b - 2 potions of cancellation {unknown}
 d - 2 potions of might
 g - 2 potions of magic {unknown}
 j - 6 potions of heal wounds
 k - 6 potions of curing
 l - a potion of beneficial mutation {unknown}
 q - a potion of haste {unknown}
 r - 2 potions of invisibility {unknown}
 s - a potion of lignification {unknown}
 w - a potion of brilliance
 B - a potion of flight
 C - a potion of degeneration {unknown}
Comestibles
 e - 6 bread rations
 h - 2 meat rations
 E - 2 chunks of flesh


   Skills:
 + Level 6.1 Fighting
 + Level 6.3 Long Blades
 + Level 7.0 Armour
 + Level 1.6 Dodging
 + Level 6.8 Shields


You had 7 spell levels left.
You didn't know any spells.

Dungeon Overview and Level Annotations

Branches:
Dungeon (5/15)
 Temple: D:4-7

Altars:


Innate Abilities, Weirdness & Mutations

You reflexively headbutt those who attack you in melee.
You have a pair of horns on your head.


Message History

You block the orc wizard's attack.
You hit the orc wizard but do no damage.
You headbutt the orc wizard, but do no damage.
The orc wizard hits you but does no damage.
The orc hits you but does no damage. You block the orc wizard's attack.
The orc hits you but does no damage. You block the orc wizard's attack.
You closely miss the orc wizard. Your headbutt misses the orc wizard.
The orc wizard barely misses you. You block the orc's attack.
The orc wizard hits you but does no damage.
You are electrocuted!
* * * LOW HITPOINT WARNING * * *
The orc hits you.
* * * LOW HITPOINT WARNING * * *
You hit the orc wizard.
The orc wizard is heavily wounded.
You block the orc wizard's attack. x2
You block the orc's attack.
The orc wizard hits you but does no damage.
You are electrocuted!
You die...

#..### #. .# .. #.....
.## .. ..# #....#
#.#####. ..## #$..##
#....#.. #..
#.$.###.....# #..
#...#...##.####
#.#####.............##
###....................>
#.....o@....####.รท......
....##..o.....# #......##
. #....##.## ##.......
#.......# #........
#....####. #........
...#..# #........#...
...###.# ....###..... ..#
#.. #.## #....# .. ## #.
##..##


You could see an orc wizard and an orc.

Vanquished Creatures
  Eustachio (D:4)
  The ghost of Wutend the Skirmisher, an amateur OpFi (D:4)
  2 ogres (D:4)
  A gnoll sergeant (D:4)
  A water moccasin zombie (Ossuary)
  A crimson imp (D:5)
  2 hounds (D:4)
  Crazy Yiuf (D:3)
  An iguana (D:5)
  3 orc wizards
  A worker ant (D:4)
  6 big kobold zombies (Ossuary)
  2 mummies (Ossuary)
  Robin (D:2)
  4 gnolls (D:4)
  5 adders
  2 adder skeletons (D:4)
  An adder zombie (Ossuary)
  4 worms
  A giant gecko (D:2)
  8 orcs
  A ball python (D:3)
  6 bats
  4 giant cockroaches
  14 goblins
  12 hobgoblins
  9 jackals
  2 gnoll zombies (Ossuary)
  3 hobgoblin zombies (Ossuary)
  A kobold (D:2)
  8 kobold zombies (Ossuary)
  5 orc zombies (Ossuary)
  7 rats
121 creatures vanquished.

Vanquished Creatures (others)
  A kobold zombie (Ossuary)
1 creature vanquished.

Grand Total: 122 creatures vanquished

Notes
Turn   | Place    | Note
--------------------------------------------------------------
     0 | D:1      | Peloso the Minotaur Fighter began the quest for the Orb.
     0 | D:1      | Reached XP level 1. HP: 19/19 MP: 0/0
   504 | D:1      | Reached XP level 2. HP: 27/27 MP: 1/1
   582 | D:2      | Reached skill level 4 in Armour
   688 | D:2      | Noticed Robin
   710 | D:2      | Killed Robin
   710 | D:2      | Reached XP level 3. HP: 30/33 MP: 2/2
  1354 | D:3      | Noticed Crazy Yiuf
  1361 | D:3      | Killed Crazy Yiuf
  1361 | D:3      | Reached skill level 5 in Armour
  1361 | D:3      | Reached XP level 4. HP: 25/40 MP: 3/3
  1632 | D:3      | Reached XP level 5. HP: 41/46 MP: 4/4
  2173 | D:4      | Noticed an ogre
  2179 | D:4      | Killed an ogre
  2179 | D:4      | Reached skill level 1 in Dodging
  2179 | D:4      | Reached skill level 5 in Shields
  2179 | D:4      | Reached XP level 6. HP: 32/53 MP: 5/5
  2286 | D:4      | Reached skill level 6 in Armour
  2509 | D:4      | Found a sand-covered staircase.
  2561 | Ossuary  | Entered an ossuary
  2619 | Ossuary  | Reached skill level 5 in Fighting
  2645 | Ossuary  | Reached XP level 7. HP: 57/61 MP: 6/6
  2852 | D:4      | Noticed an ogre
  2858 | D:4      | Killed an ogre
  2858 | D:4      | Reached skill level 5 in Long Blades
  2938 | D:4      | Noticed Eustachio
  2967 | D:4      | Killed Eustachio
  3168 | D:4      | Noticed Wutend's ghost (amateur OpFi)
  3180 | D:4      | Killed Wutend's ghost
  3180 | D:4      | Reached XP level 8. HP: 51/70 MP: 7/7
  3542 | D:5      | Entered Level 5 of the Dungeon
  3621 | D:5      | Reached skill level 7 in Armour
  3659 | D:5      | Mangled by an orc wizard

Action                   |  1- 3 |  4- 6 |  7- 9 || total
-------------------------+-------+-------+-------++-------
Melee: Long sword        |    80 |   179 |   138 ||   397
  Use: Scroll            |       |    13 |     1 ||    14
       Potion            |       |       |     1 ||     1
  Eat: Chunk             |     1 |     5 |     3 ||     9
